 Dungeon Crawl Stone Soup version 0.20.1-1-g8b1a95d (webtiles) character file.

48 Romulous the Shield-Bearer (level 3, 33/33 HPs)
             Began as a Minotaur Fighter on Oct 28, 2017.
             Got out of the dungeon alive.
             The game lasted 00:03:23 (880 turns).

Romulous the Shield-Bearer (Minotaur Fighter)        Turns: 880, Time: 00:03:23

Health: 33/33      AC:  7    Str: 21    XL:     3   Next: 50%
Magic:  2/2        EV:  8    Int:  5    God:
Gold:   24         SH:  9    Dex:  9    Spells: 2/2 levels left

rFire    . . .     SeeInvis .   a - +0 war axe
rCold    . . .     Gourm    .   c - +0 shield
rNeg     . . .     Faith    .   b - +0 scale mail
rPois    .         Spirit   .   (helmet restricted)
rElec    .         Reflect  .   (no cloak)
rCorr    .         Harm     .   (no gloves)
MR       .....                  (no boots)
Stlth    ..........             (no amulet)
Regen    0.2/turn               (no ring)
MPRegen  0.1/turn               (no ring)

@: no status effects
A: retaliatory headbutt, horns 2
a: no special abilities


You escaped.
You were not hungry.

You visited 1 branch of the dungeon, and saw 1 of its levels.

You collected 24 gold pieces.

Inventory:

Hand Weapons
 a - a +0 war axe (weapon)
Armour
 b - a +0 scale mail (worn)
 c - a +0 shield (worn)
Scrolls
 e - a scroll of magic mapping {unknown}
 h - a scroll of teleportation {unknown}
 i - a scroll of enchant armour {unknown}
 l - a scroll of remove curse {unknown}
 o - a scroll of blinking {unknown}
 p - a scroll of noise {unknown}
Potions
 d - a potion of might
 g - a potion of flight {unknown}
 j - a potion of cancellation {unknown}
 m - 2 potions of ambrosia {unknown}
 n - a potion of curing {unknown}
Comestibles
 f - a bread ration
 k - a royal jelly


   Skills:
 + Level 4.1 Fighting
 + Level 2.8 Axes
 + Level 3.9 Armour
 + Level 1.2 Dodging
 + Level 4.2 Shields


You had 2 spell levels left.
You didn't know any spells.

Dungeon Overview and Level Annotations

Branches:
Dungeon (1/15)

Altars:


Innate Abilities, Weirdness & Mutations

You reflexively headbutt those who attack you in melee.
You have a pair of horns on your head.


Message History

A hobgoblin comes into view. It is wielding a club.
The hobgoblin shouts!
You block the hobgoblin's attack.
Your shield and scale mail prevent you from hitting the hobgoblin.
The hobgoblin hits you but does no damage.
Your shield and scale mail prevent you from hitting the hobgoblin.
You block the hobgoblin's attack.
The hobgoblin hits you but does no damage.
You hit the hobgoblin.
The hobgoblin is almost dead.
You block the hobgoblin's attack.
You slash the hobgoblin!
You kill the hobgoblin!
Things that are here:
a club; a hobgoblin corpse You see here a club.
There is an open door here.
There is a staircase leading out of the dungeon here.
Are you sure you want to leave the Dungeon?
This will make you lose the game!
You have escaped!

###.####.......# #....# #....##
#.....##.......# #....####....##
#..............# ###.....#....##
##.....##.......#####.....#......
#.........................#......
#..........##########.....#......
#(..(.)....# #.####.....####'##
#....(.....####♣.≈P##.........(.)
#..........##.'.@≈P##............
........##.##)#♣.≈P####..........
..†.....#.....##.### #....####..
..............#### #....# ##.
........#.....#########....#####.
........#..................#.....
........#................###.....
........#####.)..........###.....
........# #...[........#.......


There were no monsters in sight!

Vanquished Creatures
  2 dart slugs (D:1)
  A leopard gecko (D:1)
  A ball python (D:1)
  A giant cockroach (D:1)
  6 hobgoblins (D:1)
  11 jackals (D:1)
  5 kobolds (D:1)
  5 bats (D:1)
  3 frilled lizards (D:1)
  2 goblins (D:1)
  A rat (D:1)
38 creatures vanquished.

Notes
Turn   | Place    | Note
-------+----------+-------------------------------------------
     0 | D:1      | Romulous the Minotaur Fighter began the quest for the Orb.
     0 | D:1      | Reached XP level 1. HP: 19/19 MP: 0/0
    39 | D:1      | Reached XP level 2. HP: 27/27 MP: 1/1
   320 | D:1      | Reached XP level 3. HP: 33/33 MP: 2/2
   598 | D:1      | Reached skill level 1 in Dodging
   880 | D:$      | Got out of the dungeon alive.

Skill      XL: |  1  2  3 |
---------------+----------+-----
Fighting       | 4 |  4.1
Shields        | 4 |  4.2
Dodging        | 1 |  1.2
Axes           | |  2.8
Armour         | |  3.9

Action                   || total
-------------------------++-------
Melee: War axe           ||    68
       Headbutt          ||    10
Armor: Scale mail        ||    56
Dodge: Dodged            ||    26
Block: Shield            ||    59
